Sewer Rats vs Demolitions (R1)

Created - November 28, 2019 at 22:39

Goals
1 2 3 T
Sewer Rats 3 4 1 8
Demolitions 1 1 0 2
Shots
1 2 3 T
Sewer Rats 10 7 12 29
Demolitions 13 8 15 36

1st period

1. Demolitions , J.T. Brown 9 (Andrej Nestrasil 6) at 3:35
2. Sewer Rats , Mark Mancari 16 (Steven Kampfer 7, Marek Mazanek) at 5:53
3. Sewer Rats , Mark Mancari 17 (Vincent Trocheck 27) at 9:36
4. Sewer Rats , Martin Frk 3 (Nick Cousins 4) at 18:34

Penalties :
Michael Bunting (Vic) for Tripping (Minor) at 13:36, Jarred Tinordi (Tol) for High sticking (Minor) at 19:32

2nd period

5. Sewer Rats , Nick Cousins 7 (Joseph Blandisi 4) at 3:40
6. Demolitions , Lane MacDermid 7 (Spencer Machacek 15, Colton Gillies 13) at 5:24 (PP)
7. Sewer Rats , Tomas Tatar 12 (Stefan Elliott 12, Dmitrij Jaskin 2) at 12:30
8. Sewer Rats , Martin Frk 4 (Jarred Tinordi 8) at 14:17
9. Sewer Rats , Martin Frk 5 (Nick Cousins 5, Joseph Blandisi 5) at 17:26

Penalties :
Colton Gillies (Vic) for Tripping (Minor) at 0:09, Jarred Tinordi (Tol) for Holding (Minor) at 5:07, Tomas Tatar (Tol) for Hooking (Minor) at 10:13, Jarred Tinordi (Tol) for Tripping (Minor) at 15:11

3rd period

10. Sewer Rats , Mark Mancari 18 (Steven Kampfer 8, Tomas Tatar 11) at 16:56 (PP)

Penalties :
Erik Condra (Tol) for Cross-checking (Minor) at 1:03, Robert Bortuzzo (Vic) for Tripping (Minor) at 16:48

Goalie Stats

Marek Mazanek (Tol), 34 saves from 36 shots - (0.944), W, 10-1-0, 60:00 minutes
Antti Raanta (Vic), 13 saves from 17 shots - (0.765), 36:20 minutes
Brandon Halverson (Vic), 8 saves from 12 shots - (0.667), L, 5-3-0, 23:40 minutes

Players Stats for Sewer Rats

Player Name              G  A  P  +/- PIM S  H  SB GA TA FO     MP     PP MP  PK MP  
------------------------------------------------------------------------------------
Connor Carrick           0  0  0   2  0   0  0  0  0  0  0/0     5:26   0:00   0:00 
Daniel Carr              0  0  0   0  0   2  3  0  0  0  0/1    18:12   1:04   1:54 
Dmitrij Jaskin           0  1  1   1  0   0  0  1  0  0  1/1     7:17   0:00   2:09 
Erik Condra              0  0  0   0  2   1  4  0  0  0  2/3    17:20   1:04   0:39 
Jarred Tinordi           0  1  1   2  6   2  4  0  1  2  0/0    24:08   2:01   2:11 
Joel Edmundson           0  0  0   2  0   0  0  1  0  2  0/0    19:20   0:43   3:05 
John Ramage              0  0  0   0  0   0  0  1  0  1  0/0    10:13   0:00   1:35 
Jonathan Marchessault    0  0  0   0  0   1  3  0  2  0  7/15   16:17   1:04   0:00 
Joseph Blandisi          0  2  2   5  0   1  0  0  0  0  0/0    13:13   0:00   0:34 
Mark Mancari             3  0  3   2  0   8  2  0  3  1  1/8    26:55   1:26   3:44 
Martin Frk               3  0  3   4  0   3  2  1  0  1  0/0    13:15   0:14   0:00 
Michael Dal Colle        0  0  0   0  0   0  1  0  0  0  0/0     4:44   0:00   0:00 
Nick Cousins             1  2  3   5  0   2  1  0  0  1  4/5    12:56   0:00   0:00 
Ryan Murphy              0  0  0   0  0   1  0  1  0  0  0/0    11:01   0:37   0:00 
Stefan Elliott           0  1  1   2  0   0  3  0  1  0  0/0    19:20   0:43   3:05 
Steven Kampfer           0  2  2   2  0   0  2  3  1  0  0/0    26:36   2:01   3:46 
Tomas Tatar              1  1  2   1  2   4  3  0  3  1  1/2    21:31   1:40   2:41 
Vincent Trocheck         0  1  1   0  0   4  0  0  1  2  12/32  18:32   1:03   2:01 
Xavier Ouellet           0  0  0   2  0   0  0  0  0  0  0/0     5:26   0:00   0:00 

Players Stats for Demolitions

Player Name              G  A  P  +/- PIM S  H  SB GA TA FO     MP     PP MP  PK MP  
------------------------------------------------------------------------------------
Alex Hutchings           0  0  0  -2  0   1  0  1  1  0  0/0    10:23   0:00   0:14 
Andrej Nestrasil         0  1  1  -2  0   2  4  0  1  0  5/9    16:20   3:09   0:00 
Cameron Schilling        0  0  0   0  0   1  1  0  0  0  0/0    28:30   3:51   1:23 
Colton Gillies           0  1  1  -1  2   3  2  1  0  1  22/35  22:00   3:39   0:32 
J.T. Brown               1  0  1  -2  0   3  1  1  1  1  0/2    18:52   3:09   1:42 
Jake Muzzin              0  0  0  -3  0   0  0  0  0  1  0/0    20:39   3:00   1:21 
Jared Staal              0  0  0  -2  0   0  0  0  0  0  0/0    11:34   0:00   0:30 
Jonathan Blum            0  0  0  -1  0   2  0  2  1  0  0/0    26:10   3:51   1:23 
Lane MacDermid           1  0  1  -1  0   7  3  0  0  2  0/1    22:36   3:40   0:48 
Michael Bunting          0  0  0   0  2   0  1  0  0  0  0/0     7:43   0:00   0:00 
Michael Prapavessis      0  0  0   1  0   0  0  0  0  0  0/0     2:20   0:00   0:00 
Mitch Callahan           0  0  0  -1  0   1  0  0  1  0  0/0     7:56   0:02   0:00 
Nick Shore               0  0  0  -1  0   5  0  0  0  0  5/8     8:09   0:02   0:00 
Nikita Tryamkin          0  0  0  -3  0   0  0  1  1  3  0/0    10:51   0:00   0:00 
Phil Di Giuseppe         0  0  0  -2  0   0  2  0  0  0  0/0    16:14   3:09   0:00 
Phil McRae               0  0  0  -3  0   2  1  0  1  1  3/6    10:59   0:02   0:00 
Robert Bortuzzo          0  0  0  -3  2   1  4  3  0  2  0/0    20:38   3:00   1:21 
Spencer Machacek         0  1  1  -1  0   8  1  0  4  0  4/6    23:06   3:40   1:42 
Taylor Aronson           0  0  0  -3  0   0  0  1  0  1  0/0    10:51   0:00   0:00 

3 Stars

1 - Martin Frk (Tol)
2 - Mark Mancari (Tol)
3 - Nick Cousins (Tol)

Power Play

Sewer Rats - 1 on 3 Attempt(s) - 33.33%
Demolitions - 1 on 5 Attempt(s) - 20.00%

Penalty Kill

Sewer Rats - 4 on 5 Attempt(s) - 80.00% - Score 0 goal in Penalty Kill
Demolitions - 2 on 3 Attempt(s) - 66.67% - Score 0 goal in Penalty Kill

Team Stat

Sewer Rats - Hits : 28 - Faceoff Wins : 28 - Blocked Shots : 8 - Penalty Minutes : 10
Demolitions - Hits : 20 - Faceoff Wins : 39 - Blocked Shots : 10 - Penalty Minutes : 6

Official

Referees : Unknown
Linesman : Unknown

Game Notes

Antti Raanta enters game at 3:40 of 2nd period
Martin Frk has scored a Hat Trick!
Mark Mancari has scored a Hat Trick!
Phil Di Giuseppe is injured at 19:31 of 3rd period (Right Leg)

Finance

Level 1 -- Attendance: 1447 (72.35%) -- Ticket Income $37,622
Level 2 -- Attendance: 735 (73.50%) -- Ticket Income $6,615
Total Attendance: 2182 (72.73%)
Total Ticket Income: $44,237
Other Income: $2,212
Total Income: $46,449

Sewer Rats

5 vs 5 Forward 
   Center                   Left Wing                Right Wing               Time % Phy DF OF 
 1 Vincent Trocheck         Tomas Tatar              Mark Mancari             40     1   2  2  
 2 Jonathan Marchessault    Daniel Carr              Erik Condra              30     1   2  2  
 3 Nick Cousins             Joseph Blandisi          Martin Frk               20     1   2  2  
 4 Mark Mancari             Michael Dal Colle        Dmitrij Jaskin           10     1   2  2  

5 vs 5 Defense 
   Defense                  Defense                                           Time % Phy DF OF 
 1 Jarred Tinordi           Steven Kampfer                                    40     1   2  2  
 2 Stefan Elliott           Joel Edmundson                                    30     1   2  2  
 3 Ryan Murphy              John Ramage                                       20     1   2  2  
 4 Connor Carrick           Xavier Ouellet                                    10     1   2  2  

PowerPlay Forward 
   Center                   Left Wing                Right Wing               Time % Phy DF OF 
 1 Vincent Trocheck         Tomas Tatar              Mark Mancari             60     1   2  2  
 2 Jonathan Marchessault    Daniel Carr              Erik Condra              40     1   2  2  

PowerPlay Defense
   Defense                  Defense                                           Time % Phy DF OF 
 1 Jarred Tinordi           Steven Kampfer                                    60     1   2  2  
 2 Stefan Elliott           Joel Edmundson                                    40     1   2  2  

Penalty Kill 4 Players Forward 
   Center                   Wing                     Time % Phy DF OF 
 1 Mark Mancari             Tomas Tatar              60     1   2  2  
 2 Vincent Trocheck         Erik Condra              40     1   2  2  

Penalty Kill 4 Players Defense
   Defense                  Defense                  Time % Phy DF OF 
 1 Jarred Tinordi           Steven Kampfer           60     1   2  2  
 2 Stefan Elliott           Joel Edmundson           40     1   2  2  

Penalty Kill - 3 Players Forward 
   Forward                                           Time % Phy DF OF 
 1 Mark Mancari                                      60     1   2  2  
 2 Tomas Tatar                                       40     1   2  2  

Penalty Kill - 3 Players Defense
   Defense                  Defense                  Time % Phy DF OF 
 1 Jarred Tinordi           Steven Kampfer           60     1   2  2  
 2 Stefan Elliott           Joel Edmundson           40     1   2  2  

4 vs 4 Forward 
   Center                   Wing                     Time % Phy DF OF 
 1 Mark Mancari             Tomas Tatar              60     1   2  2  
 2 Vincent Trocheck         Erik Condra              40     1   2  2  

4 vs 4 Defense
   Defense                  Defense                  Time % Phy DF OF 
 1 Jarred Tinordi           Steven Kampfer           60     1   2  2  
 2 Stefan Elliott           Joel Edmundson           40     1   2  2  

Last Minutes Offensive
   Center                   Left Wing                Right Wing               Defense                  Defense                  
   Vincent Trocheck         Tomas Tatar              Mark Mancari             Jarred Tinordi           Steven Kampfer           

Last Minutes Defensive
   Center                   Left Wing                Right Wing               Defense                  Defense                  
   Vincent Trocheck         Tomas Tatar              Mark Mancari             Jarred Tinordi           Steven Kampfer           

Goaltenders
Starting : Marek Mazanek            
Backup : Darcy Kuemper            

Extra Forwards
Normal : Martin Frk, Nick Cousins, Dmitrij Jaskin - PP : Martin Frk, Nick Cousins - PK : Dmitrij Jaskin
Extra Defensemen
Normal : Ryan Murphy, John Ramage, Connor Carrick - PP : Ryan Murphy - PK : John Ramage, Connor Carrick
Penalty Shots
Mark Mancari, Tomas Tatar, Vincent Trocheck, Erik Condra, Jonathan Marchessault

Scratches
Dominik Kubalik (Healthy), Josh Archibald (Healthy), Jonathan Racine (Healthy), Tyler Motte (Healthy), Chris Calhan (Healthy)
Anthony Duclair (Healthy), Jared McCann (Bruised Left Leg Injury), Mark Friedman (Healthy), Matteson Iacopelli (Healthy), Sergei Kostenko (Healthy)
Antoine Bibeau (Healthy)

Demolitions

5 vs 5 Forward 
   Center                   Left Wing                Right Wing               Time % Phy DF OF 
 1 Colton Gillies           Lane MacDermid           Spencer Machacek         40     1   2  2  
 2 Andrej Nestrasil         Phil Di Giuseppe         J.T. Brown               30     1   2  2  
 3 Phil McRae               Alex Hutchings           Jared Staal              20     1   2  2  
 4 Nick Shore               Michael Bunting          Mitch Callahan           10     1   2  2  

5 vs 5 Defense 
   Defense                  Defense                                           Time % Phy DF OF 
 1 Cameron Schilling        Jonathan Blum                                     40     1   2  2  
 2 Jake Muzzin              Robert Bortuzzo                                   30     1   2  2  
 3 Nikita Tryamkin          Taylor Aronson                                    20     1   2  2  
 4 Michael Prapavessis      Cameron Schilling                                 10     1   2  2  

PowerPlay Forward 
   Center                   Left Wing                Right Wing               Time % Phy DF OF 
 1 Colton Gillies           Lane MacDermid           Spencer Machacek         60     1   2  2  
 2 Andrej Nestrasil         Phil Di Giuseppe         J.T. Brown               40     1   2  2  

PowerPlay Defense
   Defense                  Defense                                           Time % Phy DF OF 
 1 Cameron Schilling        Jonathan Blum                                     60     1   2  2  
 2 Jake Muzzin              Robert Bortuzzo                                   40     1   2  2  

Penalty Kill 4 Players Forward 
   Center                   Wing                     Time % Phy DF OF 
 1 Spencer Machacek         J.T. Brown               60     1   2  2  
 2 Lane MacDermid           Colton Gillies           40     1   2  2  

Penalty Kill 4 Players Defense
   Defense                  Defense                  Time % Phy DF OF 
 1 Cameron Schilling        Jonathan Blum            60     1   2  2  
 2 Jake Muzzin              Robert Bortuzzo          40     1   2  2  

Penalty Kill - 3 Players Forward 
   Forward                                           Time % Phy DF OF 
 1 Spencer Machacek                                  60     1   2  2  
 2 J.T. Brown                                        40     1   2  2  

Penalty Kill - 3 Players Defense
   Defense                  Defense                  Time % Phy DF OF 
 1 Cameron Schilling        Jonathan Blum            60     1   2  2  
 2 Jake Muzzin              Robert Bortuzzo          40     1   2  2  

4 vs 4 Forward 
   Center                   Wing                     Time % Phy DF OF 
 1 Spencer Machacek         J.T. Brown               60     1   2  2  
 2 Lane MacDermid           Colton Gillies           40     1   2  2  

4 vs 4 Defense
   Defense                  Defense                  Time % Phy DF OF 
 1 Cameron Schilling        Jonathan Blum            60     1   2  2  
 2 Jake Muzzin              Robert Bortuzzo          40     1   2  2  

Last Minutes Offensive
   Center                   Left Wing                Right Wing               Defense                  Defense                  
   Colton Gillies           Lane MacDermid           Spencer Machacek         Cameron Schilling        Jonathan Blum            

Last Minutes Defensive
   Center                   Left Wing                Right Wing               Defense                  Defense                  
   Colton Gillies           Lane MacDermid           Spencer Machacek         Cameron Schilling        Jonathan Blum            

Goaltenders
Starting : Brandon Halverson        
Backup : Antti Raanta             

Extra Forwards
Normal : Phil McRae, Nick Shore, Jared Staal - PP : Phil McRae, Nick Shore - PK : Jared Staal
Extra Defensemen
Normal : Nikita Tryamkin, Taylor Aronson, Michael Prapavessis - PP : Nikita Tryamkin - PK : Taylor Aronson, Michael Prapavessis
Penalty Shots
Spencer Machacek, J.T. Brown, Lane MacDermid, Colton Gillies, Andrej Nestrasil

Scratches
Ryan Olsen (Healthy), Thomas DiPauli (Healthy), Taylor Leier (Healthy), Daultan Leveillé (Lacerated Left Calf Injury), Colton Sceviour (Healthy)
Aaron Palushaj (Healthy), Nick Pryor (Healthy), Jaedon Descheneau (Healthy), Jake Paterson (Healthy), Francois Tremblay (Healthy)

% Time on Ice - Sewer Rats

Lines # - Real PCT - Wanted PCT - Time Play
Normal Forward
1 - 34% - 40% - 16:27
2 - 31% - 30% - 15:13
3 - 26% - 20% - 12:39
4 - 10% - 10% - 4:44
Normal Defense
1 - 41% - 40% - 19:58
2 - 31% - 30% - 15:01
3 - 18% - 20% - 8:38
4 - 11% - 10% - 5:26
PP Forward
1 - 61% - 60% - 1:40
2 - 39% - 40% - 1:04
PP Defense
1 - 74% - 60% - 2:01
2 - 26% - 40% - 0:43
PK Forward
1 - 79% - 60% - 5:23
2 - 21% - 40% - 1:28
PK Defense
1 - 55% - 60% - 3:46
2 - 45% - 40% - 3:05
PK3 Forward
1 - 0% - 60%
2 - 0% - 40%
PK3 Defense
1 - 0% - 60%
2 - 0% - 40%
44 Forward
1 - 76% - 60% - 1:02
2 - 24% - 40% - 0:20
44 Defense
1 - 62% - 60% - 0:51
2 - 38% - 40% - 0:31
Last Minute Offensive  - 0:00
Last Minute Defensive  - 0:00
Total
Forward - 60:00
Defense - 60:00

% Time on Ice - Demolitions

Lines # - Real PCT - Wanted PCT - Time Play
Normal Forward
1 - 35% - 40% - 17:16
2 - 29% - 30% - 14:06
3 - 20% - 20% - 10:03
4 - 16% - 10% - 7:38
Normal Defense
1 - 41% - 40% - 20:04
2 - 32% - 30% - 15:48
3 - 22% - 20% - 10:51
4 - 5% - 10% - 2:20
PP Forward
1 - 54% - 60% - 3:42
2 - 46% - 40% - 3:09
PP Defense
1 - 56% - 60% - 3:51
2 - 44% - 40% - 3:00
PK Forward
1 - 71% - 60% - 1:56
2 - 29% - 40% - 0:48
PK Defense
1 - 51% - 60% - 1:23
2 - 49% - 40% - 1:21
PK3 Forward
1 - 0% - 60%
2 - 0% - 40%
PK3 Defense
1 - 0% - 60%
2 - 0% - 40%
44 Forward
1 - 77% - 60% - 1:03
2 - 23% - 40% - 0:19
44 Defense
1 - 63% - 60% - 0:52
2 - 37% - 40% - 0:30
Last Minute Offensive  - 0:00
Last Minute Defensive  - 0:00
Total
Forward - 60:00
Defense - 60:00

Play-by-Play

1st period


0:01 of 1st period - Colton Gillies wins face-off versus Mark Mancari in neutral zone.
0:53 of 1st period - Steven Kampfer is hit by Phil McRae and loses puck.
1:06 of 1st period - Jarred Tinordi is hit by Michael Bunting and loses puck.
3:23 of 1st period - Snap shot by Phil McRae.
3:23 of 1st period - Stopped by Marek Mazanek with a rebound.
3:33 of 1st period - Snap shot by Andrej Nestrasil.
3:33 of 1st period - Stopped by Marek Mazanek with a rebound.
3:35 of 1st period - Snap shot by J.T. Brown.
3:35 of 1st period - Goal by J.T. Brown - Sewer Rats : 0 - Demolitions : 1.
3:36 of 1st period - Vincent Trocheck wins face-off versus Colton Gillies in neutral zone.
3:41 of 1st period - Snap shot by Mark Mancari.
3:41 of 1st period - Shot Misses the Net.
3:43 of 1st period - Slapshot by Ryan Murphy.
3:43 of 1st period - Stopped by Brandon Halverson with a rebound.
3:47 of 1st period - Snap shot by Tomas Tatar.
3:47 of 1st period - Shot Blocked by Colton Gillies.
3:49 of 1st period - Snap shot by Vincent Trocheck.
3:49 of 1st period - Stopped by Brandon Halverson without a rebound.
3:50 of 1st period - Jonathan Marchessault wins face-off versus J.T. Brown in Demolitions zone.
4:12 of 1st period - Icing by John Ramage.
4:13 of 1st period - Colton Gillies wins face-off versus Vincent Trocheck in Sewer Rats zone.
4:16 of 1st period - Wrist shot by Lane MacDermid.
4:16 of 1st period - Stopped by Marek Mazanek with a rebound.
4:20 of 1st period - Snap shot by Spencer Machacek.
4:20 of 1st period - Stopped by Marek Mazanek without a rebound.
4:21 of 1st period - Colton Gillies wins face-off versus Vincent Trocheck in Sewer Rats zone.
4:24 of 1st period - Wrist shot by Spencer Machacek.
4:24 of 1st period - Stopped by Marek Mazanek without a rebound.
4:25 of 1st period - Vincent Trocheck wins face-off versus Colton Gillies in Sewer Rats zone.
4:25 of 1st period - Vincent Trocheck is hit by Lane MacDermid.
5:53 of 1st period - Slapshot by Mark Mancari.
5:53 of 1st period - Goal by Mark Mancari - Sewer Rats : 1 - Demolitions : 1.
5:54 of 1st period - Colton Gillies wins face-off versus Vincent Trocheck in neutral zone.
6:03 of 1st period - Wrist shot by Colton Gillies.
6:03 of 1st period - Stopped by Marek Mazanek with a rebound.
6:05 of 1st period - Snap shot by Lane MacDermid.
6:05 of 1st period - Stopped by Marek Mazanek with a rebound.
6:07 of 1st period - Snap shot by Colton Gillies.
6:07 of 1st period - Shot Misses the Net.
6:23 of 1st period - Icing by Daniel Carr.
6:24 of 1st period - Erik Condra wins face-off versus Andrej Nestrasil in Sewer Rats zone.
6:45 of 1st period - Wrist shot by Daniel Carr.
6:45 of 1st period - Stopped by Brandon Halverson with a rebound.
6:47 of 1st period - Wrist shot by Daniel Carr.
6:47 of 1st period - Stopped by Brandon Halverson without a rebound.
6:48 of 1st period - Colton Gillies wins face-off versus Vincent Trocheck in Demolitions zone.
7:03 of 1st period - Slapshot by Lane MacDermid.
7:03 of 1st period - Stopped by Marek Mazanek with a rebound.
7:38 of 1st period - Snap shot by Erik Condra.
7:38 of 1st period - Deflect By Cameron Schilling.
7:38 of 1st period - Stopped by Brandon Halverson without a rebound.
7:39 of 1st period - Colton Gillies wins face-off versus Vincent Trocheck in Demolitions zone.
8:41 of 1st period - Slapshot by Andrej Nestrasil.
8:41 of 1st period - Shot Misses the Net.
8:51 of 1st period - Nick Shore is hit by Mark Mancari and loses puck.
9:36 of 1st period - Wrist shot by Mark Mancari.
9:36 of 1st period - Goal by Mark Mancari - Sewer Rats : 2 - Demolitions : 1.
9:37 of 1st period - Vincent Trocheck wins face-off versus Colton Gillies in neutral zone.
10:02 of 1st period - Andrej Nestrasil is hit by Jonathan Marchessault and loses puck.
10:44 of 1st period - Jake Muzzin is hit by Jarred Tinordi and loses puck.
11:17 of 1st period - Wrist shot by Erik Condra.
11:17 of 1st period - Shot Blocked by Taylor Aronson.
11:19 of 1st period - Slapshot by Ryan Murphy.
11:19 of 1st period - Shot Blocked by Nikita Tryamkin.
11:29 of 1st period - Colton Gillies is hit by Nick Cousins.
11:33 of 1st period - Nikita Tryamkin is hit by Martin Frk and loses puck.
11:58 of 1st period - Taylor Aronson is hit by Jonathan Marchessault and loses puck.
12:11 of 1st period - Snap shot by J.T. Brown.
12:11 of 1st period - Shot Misses the Net.
12:13 of 1st period - Wrist shot by J.T. Brown.
12:13 of 1st period - Shot Misses the Net.
12:23 of 1st period - Jake Muzzin is hit by Michael Dal Colle and loses puck.
12:42 of 1st period - Slapshot by Jonathan Blum.
12:42 of 1st period - Shot Blocked by Dmitrij Jaskin.
12:44 of 1st period - Wrist shot by Alex Hutchings.
12:44 of 1st period - Stopped by Marek Mazanek with a rebound.
13:02 of 1st period - Snap shot by J.T. Brown.
13:02 of 1st period - Shot Misses the Net.
13:36 of 1st period - Minor Penalty to Michael Bunting for Tripping.
13:37 of 1st period - Spencer Machacek wins face-off versus Jonathan Marchessault in Demolitions zone.
13:47 of 1st period - Jonathan Blum is hit by Steven Kampfer and loses puck.
14:02 of 1st period - Snap shot by Tomas Tatar.
14:02 of 1st period - Shot Blocked by J.T. Brown.
14:04 of 1st period - Snap shot by Vincent Trocheck.
14:04 of 1st period - Stopped by Brandon Halverson without a rebound.
14:05 of 1st period - Spencer Machacek wins face-off versus Vincent Trocheck in Demolitions zone.
15:32 of 1st period - Erik Condra is hit by Robert Bortuzzo.
15:36 of 1st period - Penalty to Michael Bunting is over, Michael Bunting is back on ice.
15:36 of 1st period - Jake Muzzin is hit by Daniel Carr and loses puck.
15:46 of 1st period - Icing by Michael Bunting.
15:47 of 1st period - Nick Cousins wins face-off versus Nick Shore in Demolitions zone.
16:12 of 1st period - Slapshot by Phil McRae.
16:12 of 1st period - Stopped by Marek Mazanek with a rebound.
16:28 of 1st period - Off-side.
16:29 of 1st period - Vincent Trocheck wins face-off versus Colton Gillies in neutral zone.
17:17 of 1st period - Taylor Aronson is hit by Jarred Tinordi and loses puck.
18:32 of 1st period - Snap shot by Martin Frk.
18:32 of 1st period - Shot Misses the Net.
18:34 of 1st period - Snap shot by Nick Cousins.
18:34 of 1st period - Deflect By Martin Frk.
18:34 of 1st period - Goal by Martin Frk - Sewer Rats : 3 - Demolitions : 1.
18:35 of 1st period - Colton Gillies wins face-off versus Vincent Trocheck in neutral zone.
18:38 of 1st period - Snap shot by Lane MacDermid.
18:38 of 1st period - Deflect By Tomas Tatar.
18:38 of 1st period - Stopped by Marek Mazanek with a rebound.
18:40 of 1st period - Snap shot by Spencer Machacek.
18:40 of 1st period - Deflect By Colton Gillies.
18:40 of 1st period - Shot Misses the Net.
18:40 of 1st period - Puck is out of play.
18:41 of 1st period - Colton Gillies wins face-off versus Vincent Trocheck in Sewer Rats zone.
18:44 of 1st period - Snap shot by Spencer Machacek.
18:44 of 1st period - Stopped by Marek Mazanek without a rebound.
18:45 of 1st period - Vincent Trocheck wins face-off versus Colton Gillies in Sewer Rats zone.
18:45 of 1st period - Vincent Trocheck is hit by Spencer Machacek.
19:11 of 1st period - Slapshot by Vincent Trocheck.
19:11 of 1st period - Deflect By Tomas Tatar.
19:11 of 1st period - Stopped by Brandon Halverson with a rebound.
19:32 of 1st period - Minor Penalty to Jarred Tinordi for High sticking.
19:33 of 1st period - Andrej Nestrasil wins face-off versus Mark Mancari in Sewer Rats zone.
Goals for this period are 3 for Sewer Rats vs 1 for Demolitions.
Shots for this period are 10 for Sewer Rats vs 13 for Demolitions.

2nd period


0:01 of 2nd period - Tomas Tatar wins face-off versus Colton Gillies in neutral zone.
0:09 of 2nd period - Minor Penalty to Colton Gillies for Tripping.
0:10 of 2nd period - Spencer Machacek wins face-off versus Tomas Tatar in Demolitions zone.
0:16 of 2nd period - Slapshot by Cameron Schilling.
0:16 of 2nd period - Shot Blocked by Steven Kampfer.
0:52 of 2nd period - Snap shot by Lane MacDermid.
0:52 of 2nd period - Shot Misses the Net.
1:32 of 2nd period - Penalty to Jarred Tinordi is over, Jarred Tinordi is back on ice.
1:50 of 2nd period - Robert Bortuzzo is hit by Tomas Tatar and loses puck.
2:01 of 2nd period - Slapshot by Jarred Tinordi.
2:01 of 2nd period - Stopped by Brandon Halverson with a rebound.
2:09 of 2nd period - Penalty to Colton Gillies is over, Colton Gillies is back on ice.
3:03 of 2nd period - Snap shot by Colton Gillies.
3:03 of 2nd period - Stopped by Marek Mazanek without a rebound.
3:04 of 2nd period - Nick Shore wins face-off versus Jonathan Marchessault in Sewer Rats zone.
3:07 of 2nd period - Wrist shot by Nick Shore.
3:07 of 2nd period - Stopped by Marek Mazanek without a rebound.
3:08 of 2nd period - Jonathan Marchessault wins face-off versus Nick Shore in Sewer Rats zone.
3:40 of 2nd period - Snap shot by Nick Cousins.
3:40 of 2nd period - Goal by Nick Cousins - Sewer Rats : 4 - Demolitions : 1.
3:40 of 2nd period - Antti Raanta enters game.
3:41 of 2nd period - Colton Gillies wins face-off versus Jonathan Marchessault in neutral zone.
3:52 of 2nd period - Cameron Schilling is hit by Erik Condra and loses puck.
4:07 of 2nd period - Joseph Blandisi is hit by Cameron Schilling and loses puck.
4:51 of 2nd period - Off-side.
4:52 of 2nd period - Nick Shore wins face-off versus Mark Mancari in neutral zone.
5:07 of 2nd period - Minor Penalty to Jarred Tinordi for Holding.
5:08 of 2nd period - Colton Gillies wins face-off versus Mark Mancari in Sewer Rats zone.
5:20 of 2nd period - Wrist shot by Spencer Machacek.
5:20 of 2nd period - Shot Misses the Net.
5:22 of 2nd period - Snap shot by Spencer Machacek.
5:22 of 2nd period - Shot Blocked by Steven Kampfer.
5:24 of 2nd period - Slapshot by Lane MacDermid.
5:24 of 2nd period - Goal by Lane MacDermid - Sewer Rats : 4 - Demolitions : 2.
5:25 of 2nd period - Vincent Trocheck wins face-off versus Colton Gillies in neutral zone.
5:50 of 2nd period - Cameron Schilling is hit by Jonathan Marchessault and loses puck.
6:16 of 2nd period - Off-side.
6:17 of 2nd period - Nick Cousins wins face-off versus Colton Gillies in neutral zone.
6:22 of 2nd period - Slapshot by Jarred Tinordi.
6:22 of 2nd period - Shot Misses the Net.
6:49 of 2nd period - Slapshot by Stefan Elliott.
6:49 of 2nd period - Deflect By Joseph Blandisi.
6:49 of 2nd period - Shot Blocked by Robert Bortuzzo.
6:49 of 2nd period - Puck is out of play.
6:50 of 2nd period - Colton Gillies wins face-off versus Vincent Trocheck in Demolitions zone.
8:00 of 2nd period - Snap shot by Nick Shore.
8:00 of 2nd period - Stopped by Marek Mazanek without a rebound.
8:01 of 2nd period - Nick Shore wins face-off versus Daniel Carr in Sewer Rats zone.
8:11 of 2nd period - Off-side.
8:12 of 2nd period - Colton Gillies wins face-off versus Vincent Trocheck in neutral zone.
8:45 of 2nd period - Snap shot by Mark Mancari.
8:45 of 2nd period - Stopped by Antti Raanta without a rebound.
8:46 of 2nd period - Jonathan Marchessault wins face-off versus Colton Gillies in Demolitions zone.
8:51 of 2nd period - Wrist shot by Daniel Carr.
8:51 of 2nd period - Shot Misses the Net.
9:11 of 2nd period - Joseph Blandisi is hit by Andrej Nestrasil and loses puck.
9:31 of 2nd period - Icing by Stefan Elliott.
9:32 of 2nd period - Nick Shore wins face-off versus Nick Cousins in Sewer Rats zone.
9:43 of 2nd period - Snap shot by Joseph Blandisi.
9:43 of 2nd period - Shot Misses the Net.
9:46 of 2nd period - Icing by Jake Muzzin.
9:47 of 2nd period - Vincent Trocheck wins face-off versus Nick Shore in Demolitions zone.
9:54 of 2nd period - Wrist shot by Tomas Tatar.
9:54 of 2nd period - Stopped by Antti Raanta without a rebound.
9:55 of 2nd period - Colton Gillies wins face-off versus Mark Mancari in Demolitions zone.
10:04 of 2nd period - Snap shot by Spencer Machacek.
10:04 of 2nd period - Shot Misses the Net.
10:06 of 2nd period - Slapshot by Cameron Schilling.
10:06 of 2nd period - Shot Misses the Net.
10:08 of 2nd period - Snap shot by Lane MacDermid.
10:08 of 2nd period - Shot Misses the Net.
10:13 of 2nd period - Minor Penalty to Tomas Tatar for Hooking.
10:14 of 2nd period - Mark Mancari wins face-off versus Spencer Machacek in Sewer Rats zone.
10:40 of 2nd period - Jarred Tinordi is hit by Phil Di Giuseppe.
12:03 of 2nd period - Icing by Spencer Machacek.
12:04 of 2nd period - Dmitrij Jaskin wins face-off versus Colton Gillies in Demolitions zone.
12:13 of 2nd period - Penalty to Tomas Tatar is over, Tomas Tatar is back on ice.
12:28 of 2nd period - Wrist shot by Dmitrij Jaskin.
12:28 of 2nd period - Shot Misses the Net.
12:30 of 2nd period - Snap shot by Stefan Elliott.
12:30 of 2nd period - Deflect By Tomas Tatar.
12:30 of 2nd period - Goal by Tomas Tatar - Sewer Rats : 5 - Demolitions : 2.
12:31 of 2nd period - Jonathan Marchessault wins face-off versus Andrej Nestrasil in neutral zone.
12:34 of 2nd period - Phil Di Giuseppe is hit by Erik Condra and loses puck.
12:57 of 2nd period - Jake Muzzin is hit by Jarred Tinordi and loses puck.
13:12 of 2nd period - Joseph Blandisi is hit by Colton Gillies and loses puck.
14:01 of 2nd period - Jake Muzzin is hit by Daniel Carr.
14:07 of 2nd period - Wrist shot by Erik Condra.
14:07 of 2nd period - Shot Blocked by Robert Bortuzzo.
14:17 of 2nd period - Wrist shot by Martin Frk.
14:17 of 2nd period - Goal by Martin Frk - Sewer Rats : 6 - Demolitions : 2.
14:18 of 2nd period - Andrej Nestrasil wins face-off versus Vincent Trocheck in neutral zone.
15:04 of 2nd period - Slapshot by Andrej Nestrasil.
15:04 of 2nd period - Shot Blocked by John Ramage.
15:06 of 2nd period - Snap shot by Andrej Nestrasil.
15:06 of 2nd period - Stopped by Marek Mazanek without a rebound.
15:07 of 2nd period - Spencer Machacek wins face-off versus Jonathan Marchessault in Sewer Rats zone.
15:11 of 2nd period - Minor Penalty to Jarred Tinordi for Tripping.
15:12 of 2nd period - Colton Gillies wins face-off versus Mark Mancari in Sewer Rats zone.
15:38 of 2nd period - Erik Condra is hit by Phil Di Giuseppe and loses puck.
17:11 of 2nd period - Penalty to Jarred Tinordi is over, Jarred Tinordi is back on ice.
17:24 of 2nd period - Snap shot by Martin Frk.
17:24 of 2nd period - Shot Misses the Net.
17:26 of 2nd period - Snap shot by Martin Frk.
17:26 of 2nd period - Goal by Martin Frk - Sewer Rats : 7 - Demolitions : 2.
17:27 of 2nd period - Vincent Trocheck wins face-off versus Phil McRae in neutral zone.
18:01 of 2nd period - Slapshot by Jonathan Marchessault.
18:01 of 2nd period - Shot Blocked by Jonathan Blum.
18:17 of 2nd period - J.T. Brown is hit by Stefan Elliott and loses puck.
18:43 of 2nd period - Wrist shot by Nick Shore.
18:43 of 2nd period - Stopped by Marek Mazanek without a rebound.
18:44 of 2nd period - Colton Gillies wins face-off versus Vincent Trocheck in Sewer Rats zone.
18:57 of 2nd period - Wrist shot by Spencer Machacek.
18:57 of 2nd period - Stopped by Marek Mazanek with a rebound.
18:59 of 2nd period - Backhand shot by Robert Bortuzzo.
18:59 of 2nd period - Stopped by Marek Mazanek with a rebound.
19:52 of 2nd period - Colton Gillies is hit by Tomas Tatar and loses puck.
Goals for this period are 4 for Sewer Rats vs 1 for Demolitions.
Shots for this period are 7 for Sewer Rats vs 8 for Demolitions.

3rd period


0:01 of 3rd period - Vincent Trocheck wins face-off versus Lane MacDermid in neutral zone.
0:10 of 3rd period - Slapshot by Jonathan Blum.
0:10 of 3rd period - Stopped by Marek Mazanek with a rebound.
0:12 of 3rd period - Slapshot by Jonathan Blum.
0:12 of 3rd period - Stopped by Marek Mazanek without a rebound.
0:13 of 3rd period - Colton Gillies wins face-off versus Vincent Trocheck in Sewer Rats zone.
0:48 of 3rd period - Slapshot by Martin Frk.
0:48 of 3rd period - Shot Blocked by Jonathan Blum.
1:00 of 3rd period - Wrist shot by Colton Gillies.
1:00 of 3rd period - Deflect By Spencer Machacek.
1:00 of 3rd period - Stopped by Marek Mazanek without a rebound.
1:01 of 3rd period - Jonathan Marchessault wins face-off versus J.T. Brown in Sewer Rats zone.
1:03 of 3rd period - Minor Penalty to Erik Condra for Cross-checking.
1:04 of 3rd period - Andrej Nestrasil wins face-off versus Mark Mancari in Sewer Rats zone.
1:16 of 3rd period - Steven Kampfer is hit by Andrej Nestrasil and loses puck.
2:55 of 3rd period - Spencer Machacek is hit by Daniel Carr.
3:03 of 3rd period - Penalty to Erik Condra is over, Erik Condra is back on ice.
3:11 of 3rd period - Slapshot by Jarred Tinordi.
3:11 of 3rd period - Stopped by Antti Raanta without a rebound.
3:12 of 3rd period - Nick Cousins wins face-off versus Phil McRae in Demolitions zone.
3:21 of 3rd period - Snap shot by Joseph Blandisi.
3:21 of 3rd period - Stopped by Antti Raanta without a rebound.
3:22 of 3rd period - Jonathan Marchessault wins face-off versus Phil McRae in Demolitions zone.
3:55 of 3rd period - Wrist shot by Vincent Trocheck.
3:55 of 3rd period - Shot Misses the Net.
3:57 of 3rd period - Slapshot by Jarred Tinordi.
3:57 of 3rd period - Shot Misses the Net.
3:59 of 3rd period - Snap shot by Mark Mancari.
3:59 of 3rd period - Stopped by Antti Raanta without a rebound.
4:00 of 3rd period - Colton Gillies wins face-off versus Erik Condra in Demolitions zone.
4:09 of 3rd period - Slapshot by Lane MacDermid.
4:09 of 3rd period - Shot Hit the Post.
4:11 of 3rd period - Wrist shot by Spencer Machacek.
4:11 of 3rd period - Stopped by Marek Mazanek with a rebound.
4:13 of 3rd period - Snap shot by Spencer Machacek.
4:13 of 3rd period - Shot Misses the Net.
4:15 of 3rd period - Wrist shot by Colton Gillies.
4:15 of 3rd period - Deflect By Spencer Machacek.
4:15 of 3rd period - Shot Misses the Net.
4:15 of 3rd period - Puck is out of play.
4:16 of 3rd period - Andrej Nestrasil wins face-off versus Vincent Trocheck in Sewer Rats zone.
4:16 of 3rd period - Andrej Nestrasil is hit by Jarred Tinordi.
4:18 of 3rd period - Snap shot by J.T. Brown.
4:18 of 3rd period - Shot Blocked by Steven Kampfer.
4:30 of 3rd period - Snap shot by Mark Mancari.
4:30 of 3rd period - Stopped by Antti Raanta with a rebound.
4:32 of 3rd period - Wrist shot by Mark Mancari.
4:32 of 3rd period - Shot Misses the Net.
4:42 of 3rd period - Jarred Tinordi is hit by Lane MacDermid and loses puck.
6:20 of 3rd period - Off-side.
6:21 of 3rd period - Phil McRae wins face-off versus Jonathan Marchessault in neutral zone.
6:28 of 3rd period - Jared Staal is hit by Erik Condra and loses puck.
7:12 of 3rd period - Wrist shot by Vincent Trocheck.
7:12 of 3rd period - Stopped by Antti Raanta without a rebound.
7:13 of 3rd period - Vincent Trocheck wins face-off versus Colton Gillies in Demolitions zone.
8:11 of 3rd period - Snap shot by Jonathan Blum.
8:11 of 3rd period - Shot Blocked by Martin Frk.
8:13 of 3rd period - Slapshot by Jonathan Blum.
8:13 of 3rd period - Shot Misses the Net.
8:41 of 3rd period - Slapshot by Jonathan Blum.
8:41 of 3rd period - Shot Misses the Net.
8:59 of 3rd period - Alex Hutchings is hit by Martin Frk.
9:30 of 3rd period - Off-side.
9:31 of 3rd period - Nick Shore wins face-off versus Vincent Trocheck in neutral zone.
9:34 of 3rd period - Snap shot by Nick Shore.
9:34 of 3rd period - Stopped by Marek Mazanek with a rebound.
9:56 of 3rd period - Jonathan Marchessault is hit by Colton Gillies and loses puck.
10:20 of 3rd period - Slapshot by Andrej Nestrasil.
10:20 of 3rd period - Shot Misses the Net.
10:32 of 3rd period - Martin Frk is hit by Robert Bortuzzo and loses puck.
10:43 of 3rd period - Slapshot by Mitch Callahan.
10:43 of 3rd period - Stopped by Marek Mazanek with a rebound.
10:55 of 3rd period - Wrist shot by Cameron Schilling.
10:55 of 3rd period - Stopped by Marek Mazanek with a rebound.
10:59 of 3rd period - Wrist shot by Spencer Machacek.
10:59 of 3rd period - Stopped by Marek Mazanek with a rebound.
11:01 of 3rd period - Snap shot by Spencer Machacek.
11:01 of 3rd period - Stopped by Marek Mazanek without a rebound.
11:02 of 3rd period - Vincent Trocheck wins face-off versus Colton Gillies in Sewer Rats zone.
11:27 of 3rd period - Wrist shot by J.T. Brown.
11:27 of 3rd period - Stopped by Marek Mazanek without a rebound.
11:28 of 3rd period - Erik Condra wins face-off versus Andrej Nestrasil in Sewer Rats zone.
11:28 of 3rd period - Erik Condra is hit by J.T. Brown.
11:42 of 3rd period - Joel Edmundson is hit by Andrej Nestrasil and loses puck.
11:59 of 3rd period - Steven Kampfer is hit by Lane MacDermid and loses puck.
12:36 of 3rd period - Slapshot by Cameron Schilling.
12:36 of 3rd period - Shot Blocked by Ryan Murphy.
13:02 of 3rd period - Snap shot by Mark Mancari.
13:02 of 3rd period - Stopped by Antti Raanta without a rebound.
13:03 of 3rd period - Colton Gillies wins face-off versus Vincent Trocheck in Demolitions zone.
13:16 of 3rd period - Snap shot by Spencer Machacek.
13:16 of 3rd period - Shot Misses the Net.
13:28 of 3rd period - Jonathan Marchessault is hit by Robert Bortuzzo and loses puck.
13:54 of 3rd period - Cameron Schilling is hit by Stefan Elliott and loses puck.
14:37 of 3rd period - Off-side.
14:38 of 3rd period - Colton Gillies wins face-off versus Jonathan Marchessault in neutral zone.
15:03 of 3rd period - Mark Mancari is hit by Andrej Nestrasil and loses puck.
15:28 of 3rd period - Wrist shot by Vincent Trocheck.
15:28 of 3rd period - Stopped by Antti Raanta without a rebound.
15:29 of 3rd period - Phil McRae wins face-off versus Jonathan Marchessault in Demolitions zone.
15:29 of 3rd period - Phil McRae is hit by Erik Condra.
15:45 of 3rd period - Icing by Cameron Schilling.
15:46 of 3rd period - Phil McRae wins face-off versus Vincent Trocheck in Demolitions zone.
15:56 of 3rd period - Phil McRae is hit by Tomas Tatar and loses puck.
16:08 of 3rd period - Jonathan Blum is hit by Stefan Elliott and loses puck.
16:11 of 3rd period - Slapshot by Lane MacDermid.
16:11 of 3rd period - Stopped by Marek Mazanek without a rebound.
16:12 of 3rd period - Colton Gillies wins face-off versus Jonathan Marchessault in Sewer Rats zone.
16:25 of 3rd period - Slapshot by Lane MacDermid.
16:25 of 3rd period - Deflect By Colton Gillies.
16:25 of 3rd period - Stopped by Marek Mazanek with a rebound.
16:48 of 3rd period - Minor Penalty to Robert Bortuzzo for Tripping.
16:49 of 3rd period - Vincent Trocheck wins face-off versus Spencer Machacek in Demolitions zone.
16:52 of 3rd period - Slapshot by Tomas Tatar.
16:52 of 3rd period - Stopped by Antti Raanta with a rebound.
16:54 of 3rd period - Wrist shot by Mark Mancari.
16:54 of 3rd period - Stopped by Antti Raanta with a rebound.
16:56 of 3rd period - Slapshot by Steven Kampfer.
16:56 of 3rd period - Deflect By Mark Mancari.
16:56 of 3rd period - Goal by Mark Mancari - Sewer Rats : 8 - Demolitions : 2.
16:57 of 3rd period - Colton Gillies wins face-off versus Vincent Trocheck in neutral zone.
17:23 of 3rd period - Wrist shot by J.T. Brown.
17:23 of 3rd period - Stopped by Marek Mazanek without a rebound.
17:24 of 3rd period - Jonathan Marchessault wins face-off versus Andrej Nestrasil in Sewer Rats zone.
17:24 of 3rd period - Jonathan Marchessault is hit by Robert Bortuzzo.
17:34 of 3rd period - Wrist shot by Andrej Nestrasil.
17:34 of 3rd period - Shot Misses the Net.
17:36 of 3rd period - Slapshot by Andrej Nestrasil.
17:36 of 3rd period - Shot Blocked by Joel Edmundson.
18:18 of 3rd period - Snap shot by Nick Cousins.
18:18 of 3rd period - Shot Blocked by Alex Hutchings.
18:22 of 3rd period - Snap shot by Nick Cousins.
18:22 of 3rd period - Stopped by Antti Raanta with a rebound.
18:34 of 3rd period - Slapshot by Cameron Schilling.
18:34 of 3rd period - Deflect By Nick Shore.
18:34 of 3rd period - Stopped by Marek Mazanek with a rebound.
18:54 of 3rd period - Slapshot by J.T. Brown.
18:54 of 3rd period - Shot Misses the Net.
19:04 of 3rd period - Wrist shot by Jonathan Marchessault.
19:04 of 3rd period - Shot Blocked by Robert Bortuzzo.
19:06 of 3rd period - Wrist shot by Jonathan Marchessault.
19:06 of 3rd period - Stopped by Antti Raanta without a rebound.
19:07 of 3rd period - Nick Cousins wins face-off versus Colton Gillies in Demolitions zone.
19:08 of 3rd period - Wrist shot by Martin Frk.
19:08 of 3rd period - Shot Misses the Net.
19:22 of 3rd period - Snap shot by Lane MacDermid.
19:22 of 3rd period - Stopped by Marek Mazanek without a rebound.
19:23 of 3rd period - Andrej Nestrasil wins face-off versus Vincent Trocheck in Sewer Rats zone.
19:30 of 3rd period - Phil Di Giuseppe is hit by Steven Kampfer and loses puck.
19:31 of 3rd period - Phil Di Giuseppe from Demolitions is injured at 19:31 of 3rd period (Right Leg).
19:32 of 3rd period - Colton Gillies wins face-off versus Vincent Trocheck in Demolitions zone.
19:37 of 3rd period - Jonathan Blum is hit by Mark Mancari and loses puck.
Goals for this period are 1 for Sewer Rats vs 0 for Demolitions.
Shots for this period are 12 for Sewer Rats vs 15 for Demolitions.